 Dungeon Sprint DCSS version 0.28-a0-465-ge2dae52223 (webtiles) character file.

Game seed: 4831494430191201888

64 MikeHunt the Magician (level 3, 0/24 HPs)
             Began as a Demonspawn Fire Elementalist on Sept 15, 2021.
             Slain by a human (5 damage)
             ... in the Dungeon (Sprint III: "The Ten Rune Challenge").
             The game lasted 00:01:37 (334 turns).

MikeHunt the Magician (Demonspawn Fire Elementalist) Turns: 334, Time: 00:01:37

Health: 0/24       AC:  2    Str:  8    XL:     3   Next: 91%
Magic:  0/9        EV: 12    Int: 17    God:
Gold:   36         SH:  0    Dex: 13    Spells: 9/12 levels left

rFire   . . .      SeeInvis .   (no weapon)
rCold   . . .      Faith    .   (no shield)
rNeg    . . .      Spirit   .   a - +0 robe
rPois   .          Reflect  .   (no helmet)
rElec   .          Harm     .   (no cloak)
rCorr   .          Rampage  .   (no gloves)
Will    .....      NoTele   +   (no boots)
Stlth   ++........              (no amulet)
HPRegen 0.08/turn               (no ring)
MPRegen 0.11/turn               (no ring)

@: no status effects
A: talons 1
a: no special abilities


You were in the Dungeon.
You visited 1 branch You collected 36 gold pieces.

Inventory:

Armour
 a - a +0 robe (worn)
Scrolls
 b - 3 scrolls of torment {unknown}
 f - 3 scrolls of identify
 g - a scroll of blinking
 h - a scroll of vulnerability {unknown}
 k - a scroll of holy word {unknown}
Potions
 c - a potion of heal wounds
 d - a potion of haste
 e - 2 potions of magic
 i - 2 potions of flight {unknown}
 j - 4 potions of mutation
 l - a potion of lignification {unknown}


   Skills:
 - Level 2.1 Dodging
 - Level 2.1 Stealth
 * Level 5.1 Spellcasting
 + Level 3.7 Conjurations
 + Level 4.3 Fire Magic


You had 9 spell levels left.
You knew the following spells:

 Your Spells              Type           Power      Damage    Failure   Level
a - Foxfire               Conj/Fire      72%        2x1d7     2%          1
b - Scorch                Fire           38%        2d6       3%          2

Your spell library contained the following spells:

 Spells                   Type           Power      Damage    Failure   Level
 Conjure Flame            Conj/Fire      18%        6-21      9%          3
 Inner Flame              Hex/Fire       11%        N/A       17%         3
 Flame Wave               Conj/Fire      18%        3d5       26%         4


Dungeon Overview and Level Annotations

Branches:
Dungeon (1/1)

Altars:


Innate Abilities, Weirdness & Mutations

You have sharp toenails.


Message History

The human is burned terribly!
The human is severely wounded.
The foxfire hits the human but does no damage.
The human is severely wounded.
The human hits you.
Casting: Scorch (safe; 3% risk of failure)
Confirm with . or Enter, or press ? or * to list all spells.
You conjure some foxfire!
The human hits you.
The foxfire hits the human.
The human is burned terribly!
The human is severely wounded.
The foxfire hits the human.
The human is severely wounded.
Casting: Foxfire (safe; 2% risk of failure)
Confirm with . or Enter, or press ? or * to list all spells.
You conjure some foxfire!
The human is no longer more vulnerable to fire.
The foxfire hits the human.
The human is almost dead.
The foxfire hits the human.
The human is almost dead.
The human closely misses you.
Casting: Foxfire (safe; 2% risk of failure)
Confirm with . or Enter, or press ? or * to list all spells.
You conjure some foxfire!
The human hits you.
* * * LOW HITPOINT WARNING * * *
The foxfire hits the human but does no damage.
The human is almost dead.
The foxfire hits the human but does no damage.
The human is almost dead.
Casting: Foxfire (safe; 2% risk of failure)
Confirm with . or Enter, or press ? or * to list all spells.
You conjure some foxfire!
Your foxfire dissipates!
The foxfire hits the human but does no damage.
The human is almost dead.
There is an open door here.
Casting: Foxfire (safe; 2% risk of failure)
Confirm with . or Enter, or press ? or * to list all spells.
You conjure some foxfire!
The human hits you.
You die...

▓<.#..'...♣.♣♣
▓.†#..#......♣
▓#'####......♣
▓.†...#....≈♣♣♣
▓.....#...≈≈♣.♣♣.
▓.....#..≈≈≈≈♣..♣
▓####'#..≈≈≈≈≈≈.♣.
▓...v.#.≈≈≈≈≈≈....
▓..@..#.≈≈≈≈≈.....
▓.pv..#.≈≈≈.......
▓'#####...........
▓.................
▓▓▓▓▓▓▓▓▓▓▓▓▓▓▓▓▓▓


You could see a human (ally target).

Vanquished Creatures
  A scorpion (D)
  4 rats (D)
5 creatures vanquished.

Vanquished Creatures (others)
  22 foxfires (D)
22 creatures vanquished.

Grand Total: 27 creatures vanquished

Notes
Turn   | Place    | Note
-------+----------+-------------------------------------------
     0 | D        | MikeHunt the Demonspawn Fire Elementalist began the quest
                  | for the Orb.
     0 | D        | Reached XP level 1. HP: 13/13 MP: 3/3
    76 | D        | Noticed a scorpion
    87 | D        | Killed a scorpion
    88 | D        | Reached skill level 5 in Spellcasting
    88 | D        | Gained mutation: You have sharp toenails. [demonic
                  | ancestry]
    88 | D        | Reached XP level 2. HP: 14/19 MP: 0/8
    88 | D        | Reached XP level 3. HP: 18/24 MP: 0/9
   227 | D        | Learned a level 2 spell: Scorch
   334 | D        | Slain by a human

Illustrated notes

Levels and vault maps discovered:
D:        dungeon_sprint_mu [sprint_mu_entry_forest, sprint_mu_temple_rooms,
          sprint_mu_d1_spiders, sprint_mu_d2_genie, sprint_mu_d3_branching,
          sprint_mu_orc_legion, sprint_mu_elf_gauntlet, sprint_mu_hive_nellie,
          sprint_mu_lair_fedhas, sprint_mu_vaults_butterflies,
          sprint_mu_slime_circle, sprint_mu_swamp_cave, sprint_mu_snake_twists,
          sprint_mu_blade_basic, sprint_mu_crypt_fortress,
          sprint_mu_tomb_spiral, sprint_mu_vestibule_basic,
          sprint_mu_gehenna_hellfire, sprint_mu_dis_giant,
          sprint_mu_tartarus_statrot, sprint_mu_cocytus_islands, sprint_mu_zot1]

Skill      XL: |  1 |
---------------+----+-----
Dodging        | 2 |  2.1
Stealth        | 2 |  2.1
Spellcasting   | 5 |  5.1
Conjurations   | 3 |  3.7
Fire Magic     | 4 |  4.3

Action                   || total
-------------------------++-------
Melee: Unarmed           ||     4
 Cast: Foxfire           ||    13
       Scorch            ||     2
  Use: Potion            ||     2
Dodge: Dodged            ||     8

Table legend: (Time is in decaauts)
 A = Elapsed time spent in this place.
 B = Non-inter-level travel time spent in this place.
 C = Inter-level travel time spent in this place.
 D = Time resting spent in this place.
 E = Time spent auto-exploring this place.
 F = Levels seen in this place.
 G = Mean time per level.
                   A        B        C        D        E       F      G
               +--------+--------+--------+--------+--------+-----+--------+
         Total |    345 |    345 |      0 |    242 |      0 |   1 |  345.0 |
       Dungeon |    345 |    345 |      0 |    242 |      0 |   1 |  345.0 |
               +--------+--------+--------+--------+--------+-----+--------+

Top non-repeatable levels by time:
       D: 345 daAuts
